 Dungeon Crawl Stone Soup version 0.17-a0-1775-g10da671 (webtiles) character file.

786 Rationalist the Covered (level 8, -1/62 HPs)
             Began as a Formicid Fighter on Sept 8, 2015.
             Was a Follower of Qazlal.
             Slain by a centaur (4 damage)
             ... on level 5 of the Dungeon.
             The game lasted 00:08:17 (4589 turns).

Rationalist the Covered (Formicid Fighter)          Turns: 4589, Time: 00:08:17

Health: -1/62      AC: 14    Str: 21    XL:     8   Next: 11%
Magic:  8/8        EV: 13    Int:  6    God:    Qazlal [*.....]
Gold:   303        SH: 12    Dex: 17    Spells: 0 memorised, 7 levels left

rFire  . . .     SeeInvis +     a - +0 war axe
rCold  . . .     Clarity  .     M - +4 chain mail of Ecak {rElec}
rNeg   + . .     SustAt   .     c - +0 shield
rPois  .         Gourm    .     (helmet unavailable)
rElec  +         Spirit   .     (no cloak)
rCorr  .         Warding  +     (no gloves)
rMut   .         Stasis   +     (no boots)
MR     +....                    G - amulet of warding
Stlth  ..........               x - -2 ring of intelligence (curse)
                                H - ring of protection from magic

@: agile, lethally poisoned (-1 -> -5), somewhat resistant to hostile
enchantments, extremely unstealthy
A: permanent stasis, dig shafts and tunnels, four strong arms, antennae 3
a: Dig, Shaft Self, Renounce Religion


You were on level 5 of the Dungeon.
You worshipped Qazlal.
Qazlal was aware of your devotion.
You were not hungry.

You visited 2 branches of the dungeon, and saw 6 of its levels.

You collected 303 gold pieces.

Inventory:

Hand weapons
 a - a +0 war axe (weapon)
 g - a +0 scythe of protection
Missiles
 s - 52 sling bullets
 v - 7 curare-tipped needles
 y - 64 bolts
 B - 5 tomahawks (quivered)
Armour
 c - a +0 shield (worn)
 M - the +4 chain mail of Ecak (worn) {rElec}
   (You found it on level 4 of the Dungeon)

   It insulates you from electricity.
Magical staves
 d - an uncursed staff of conjuration {unknown}
Jewellery
 q - an uncursed ring of ice
 x - a cursed -2 ring of intelligence (right hand)
 C - an uncursed ring of sustain attributes
 G - an amulet of warding (around neck)
 H - a ring of protection from magic (left hand)
Magical devices
 A - a wand of magic darts (9)
 L - a wand of flame (9)
 N - a wand of heal wounds (4)
Scrolls
 b - a scroll of random uselessness {unknown}
 f - 4 scrolls of fear {unknown}
 h - 4 scrolls of identify {unknown}
 i - a scroll of amnesia {unknown}
 j - 2 scrolls of recharging {unknown}
 m - 2 scrolls of teleportation {unknown}
 n - 4 scrolls of remove curse {unknown}
 t - a scroll of enchant armour {unknown}
 u - a scroll of noise {unknown}
 w - a scroll of enchant weapon {unknown}
 D - a scroll of fog {unknown}
 J - a scroll of magic mapping {unknown}
 P - a scroll of blinking {unknown}
Potions
 k - a potion of flight {unknown}
 l - a potion of haste
 p - a potion of brilliance {unknown}
 r - 2 potions of invisibility {unknown}
 F - 2 potions of lignification {unknown}
 I - a potion of curing {unknown}
 K - 2 potions of agility
 Q - a potion of magic {unknown}
Comestibles
 e - 5 bread rations
 o - 2 beef jerkies
 z - 3 meat rations
 E - a slice of pizza


   Skills:
 + Level 5.0 Fighting
 + Level 4.6 Axes
 + Level 5.7 Armour
 + Level 2.2 Dodging
 + Level 1.0 Stealth
 + Level 5.7 Shields


You had 7 spell levels left.
You didn't know any spells.

Dungeon Overview and Level Annotations

Branches:
Dungeon (5/15)             Temple (1/1) D:4

Altars:
Ashenzari
Cheibriados
Dithmenos
Gozag
Nemelex Xobeh
Okawaru
Qazlal
Ru
Sif Muna
Trog
Xom
Zin

Shops:
D:5 ::


Innate Abilities, Weirdness & Mutations

You are under a permanent stasis effect.
You can dig through walls and to a lower floor.
Your four strong arms can wield two-handed weapons with a shield.
You have a pair of large antennae on your head (SInv).


Message History

* * * LOW HITPOINT WARNING * * *
You block the centaur's attack. You block the orc wizard's attack.
The centaur barely misses you.
Unknown command.
You hit the centaur but do no damage.
The centaur is almost dead.
You closely miss the orc wizard.
You feel sick. You block the centaur's attack.
The centaur hits you but does no damage.
The orc wizard points at you and mumbles some strange words.
The magic dart hits you!
* * * LOW HITPOINT WARNING * * *
The centaur hits you!
* * * LOW HITPOINT WARNING * * *
The orc wizard hits you but does no damage.
Drink which item? (? for menu, Esc to quit)
It was a potion of agility.
You feel agile all of a sudden.
* * * LOW HITPOINT WARNING * * *
You feel sick. You block the centaur's attack. The centaur hits you.
You die...

..# # .. ' .. #
##. #.. #g# #
#.###o##.# #'
#...)@c..# #.#
#####ยง#### #.#
#.......#
####.#####
#.##.##.#
#.#...#... #
#.##.###.#......#.
#.##....# #.....#.
#......## ##..####
####..#.###.....#.
#..##.#.#.##.#.


You could see a centaur, an orc wizard and a gnoll.

Vanquished Creatures
  Sigmund (D:3)
  An ogre (D:5)
  2 crimson imps (D:5)
  Crazy Yiuf (D:2)
  A giant frog zombie (D:5)
  An orc priest (D:4)
  2 hounds (D:5)
  Terence (D:3)
  An iguana (D:5)
  3 worker ants
  6 gnolls (D:5)
  2 adders
  A shadow imp (D:5)
  2 adder skeletons (D:5)
  2 oozes
  4 worms
  11 orcs
  4 ball pythons
  7 bats
  5 giant cockroaches
  10 hobgoblins
  6 jackals
  6 kobolds
  2 giant geckos
  A giant gecko zombie (D:5)
  8 giant newts
  5 goblins
  A jackal skeleton (D:4)
  44 rats
141 creatures vanquished.

Notes
Turn   | Place    | Note
--------------------------------------------------------------
     0 | D:1      | Rationalist the Formicid Fighter began the quest for the Orb.
     0 | D:1      | Reached XP level 1. HP: 18/18 MP: 1/1
    66 | D:1      | Reached XP level 2. HP: 17/24 MP: 2/2
    72 | D:1      | Reached skill level 4 in Shields
   535 | D:1      | Reached XP level 3. HP: 29/29 MP: 3/3
  1270 | D:2      | Reached XP level 4. HP: 4/37 MP: 4/4
  1968 | D:2      | Noticed Crazy Yiuf
  1974 | D:2      | Killed Crazy Yiuf
  1974 | D:2      | Reached skill level 1 in Dodging
  2113 | D:3      | Noticed Sigmund
  2115 | D:3      | Reached XP level 5. HP: 42/42 MP: 5/5
  2130 | D:3      | Killed Sigmund
  2130 | D:3      | Reached skill level 5 in Shields
  2130 | D:3      | Reached XP level 6. HP: 33/48 MP: 6/6
  2964 | D:3      | Noticed Terence
  2979 | D:3      | Killed Terence
  2979 | D:3      | Reached skill level 1 in Stealth
  3109 | D:4      | Reached XP level 7. HP: 28/54 MP: 7/7
  3217 | D:4      | Got a shimmering chain mail
  3228 | D:4      | Identified the +4 chain mail of Ecak {rElec} (You found it on level 4 of the Dungeon)
  3260 | D:4      | Reached skill level 5 in Armour
  3421 | D:4      | Found a staircase to the Ecumenical Temple.
  3432 | Temple   | Entered the Ecumenical Temple
  3449 | Temple   | Became a worshipper of Qazlal Stormbringer
  3626 | D:4      | Found a deep blue altar of Sif Muna.
  3693 | D:5      | Entered Level 5 of the Dungeon
  3733 | D:5      | Found an opulent altar of Gozag.
  3788 | D:5      | Found Teowk's Book Shoppe.
  4191 | D:5      | Found Toafyzust's Book Shoppe.
  4409 | D:5      | Reached skill level 5 in Fighting
  4534 | D:5      | Reached XP level 8. HP: 59/62 MP: 8/8
  4574 | D:5      | Acquired Qazlal's first power
  4589 | D:5      | HP: 3/62 [poisoned by an orc]
  4589 | D:5      | Slain by a centaur

Vault maps used:
D:1:      scummos_arrival_forest
D:2:      uniq_crazy_yiuf_cottage
D:3:      portal_sewer_entry_b, supply_closet_lemuel, minmay_rats_cheesy_pizza,
          uniq_terence, uniq_sigmund
D:4:      temple_fountains, first_bread, led_sif_book
D:5:      serial_shops, kennysheep_mini, shop, kennysheep_mini_moat,
          grunt_gozag_breadcrumbs
Temple:   circular_temple_13

Action                   |  1- 3 |  4- 6 |  7- 9 || total
-------------------------+-------+-------+-------++-------
Melee: War axe           |    84 |   159 |   115 ||   358
 Abil: Dig               |       |     3 |       ||     3
  Use: Potion            |       |     2 |     1 ||     3
  Eat: Chunk             |     1 |     6 |     5 ||    12
